 Dungeon Crawl Stone Soup version 0.31-a0-728-g01b46875f1 (webtiles) character file.

Game seed: 17196834303910586558

147 cforsyth the Trooper (level 5, -5/42 HPs)
             Began as a Djinni Chaos Knight on Sept 11, 2023.
             Was a Plaything of Xom.
             Slain by a worm (8 damage)
             ... on level 3 of the Dungeon.
             The game lasted 00:02:26 (1913 turns).

cforsyth the Trooper (Djinni Chaos Knight)          Turns: 1913, Time: 00:02:27

Health: -5/42      AC:  5    Str: 11    XL:     5   Next: 54%
Gold:   116        EV: 11    Int: 15    God:    Xom [..*...] SH:  0 Dex: 13

rFire   + + +        a - +0 falchion (chaos)
rCold   x . .        (no shield)
rNeg    . . .        b - +2 leather armour
rPois   ∞            (no helmet)
rElec   .            (no cloak)
rCorr   .            (no gloves)
SInv    .            (boots unavailable)
Will    .....        (no amulet)
Stlth   +            j - ring of protection from fire
HPRegen 0.27/turn    (no ring)
MPRegen 0.00/turn

%: infuse magic (-6 HP)
@: flying
A: sickness immunity, fire resistance 2, cold vulnerability 1, float, innate
caster, HP casting, extra vitality 1
a: Renounce Religion


You were on level 3 of the Dungeon.
You worshipped Xom.
You were a toy of Xom.
You visited 1 branch of the dungeon, and saw 3 of its levels.

You collected 116 gold pieces.

Inventory:

Hand Weapons
 a - a +0 falchion of chaos (weapon)
Armour
 b - a +2 leather armour (worn)
Jewellery
 j - a ring of protection from fire (left hand)
Scrolls
 d - 2 scrolls of revelation
Potions
 f - a potion of might
 i - 2 potions of degeneration
 k - a potion of attraction


   Skills:
 + Level 4.5 Fighting
 - Level 2.6 Long Blades
 - Level 1.0 Armour
 - Level 2.1 Dodging
 + Level 2.3 Spellcasting
 + Level 2.3 Conjurations
 + Level 2.3 Hexes
   Level 0.0 Charms
 + Level 2.3 Summonings
 + Level 2.3 Necromancy
 + Level 2.3 Translocations
 + Level 2.3 Transmutations
 + Level 2.3 Fire Magic
 + Level 2.3 Ice Magic
 + Level 2.3 Air Magic
 + Level 2.3 Earth Magic
 + Level 2.3 Poison Magic


You knew the following spells:

 Your Spells              Type           Power      Damage    Failure   Level
a - Apportation           Tloc           16%        N/A       11%         1
b - Wereblood             Tmut           8%         N/A       17%         2
Your spell library was empty.

Dungeon Overview and Level Annotations

Branches:
Dungeon (3/15)

Altars:

Shops:
D:2 :


Innate Abilities, Weirdness & Mutations

You are immune to sickness and miasma.
You are immune to poison.
Your flesh is very heat resistant. (rF++)
You are vulnerable to cold. (rC-)
You float through the air rather than walking.
You learn spells naturally, not from books.
Your magical power is your life essence.
You have superior vitality. (+4 MHP)


Message History

The adder bites you but does no damage. The adder barely misses you.
The worm bites you! The adder barely misses you. The adder misses you.
A worm and a river rat come into view. "Hum-dee-hum-dee-hum..."
The worm evaporates and reforms as a wyvern!
The adder bites you. The worm closely misses you.
As you read the scroll of butterflies, it crumbles to dust.
You hear the flapping of tiny wings.
The river rat is knocked back by the sudden gust.
The worm is knocked back by the sudden gust.
The adder is knocked back by the sudden gust.
You hear the rusting of a drain.
Something closely misses your butterfly.
The adder bites you but does no damage.
You swap places.
The adder bites your butterfly.
Your butterfly dies!
Your butterfly disappears in a burst of colours!
The worm completely misses your butterfly.
You swap places.
A rat comes into view.
The adder misses your butterfly.
You hit the worm.
The worm resists with some effort.
The worm is lightly wounded.
The worm bites you!
* * * LOW HITPOINT WARNING * * *
The adder closely misses you.
You hit the worm but do no damage.
The worm is lightly wounded.
The adder misses you. The worm bites you.
* * * LOW HITPOINT WARNING * * *
You hit the worm.
The worm is moderately wounded.
The adder bites you.
* * * LOW HITPOINT WARNING * * *
The rat closely misses your butterfly. The adder bites you but does no damage.
The worm bites you!
You die...
Xom cackles wildly!

#...........# ##
#######..########## ##
#..........# ##
#.....~.g..### ####g
#.~.~~~~w.g..# ##..†.
#~~#~#~#####.# #..###
#~~~~~l~~~##.#####g.###
#########~#..##.....###
*∩#rw@Slg#..?..###.###
*~#~#b####............
*~#~#b~~~#..######.###
*~*~#b##~#..#****#.#**
*~*~#~r*~#..#,,,*#..,*
*~*~##~*~###.,,,,,..,,
*~~~**~*~**,.,,,,,,,,,
***~*~~#~**,,,,,,,,,,,
*********,,,,,,,,,,,


You could see a wyvern, a worm (ally target), a gnoll, an adder (ally target), a
river rat and a rat.

Vanquished Creatures
  Natasha (twice) (D:2)
  An orc wizard (D:2)
  2 adders (D:2)
  A worm (D:3)
  A dart slug (D:1)
  2 orcs (D:2)
  8 ball pythons
  2 endoplasms
  A giant cockroach (D:1)
  A goblin (D:1)
  8 hobgoblins
  A quokka (D:2)
  A bat (D:1)
  3 frilled lizards
  8 kobolds
  5 rats
47 creatures vanquished.

Notes
Turn   | Place    | Note
-------+----------+-------------------------------------------
     0 | D:1      | cforsyth the Djinni Chaos Knight began the quest for the
                  | Orb.
     0 | D:1      | Reached XP level 1. HP: 20/20 MP: 0/0
     9 | D:1      | XOM: potion effect (haste)
    88 | D:1      | XOM: divination: detect creatures
   113 | D:1      | Reached XP level 2. HP: 25/25 MP: 0/0
   242 | D:1      | Reached skill level 1 in Spellcasting
   242 | D:1      | Reached skill level 1 in Conjurations
   242 | D:1      | Reached skill level 1 in Hexes
   242 | D:1      | Reached skill level 1 in Summonings
   242 | D:1      | Reached skill level 1 in Necromancy
   242 | D:1      | Reached skill level 1 in Translocations
   242 | D:1      | Reached skill level 1 in Transmutations
   242 | D:1      | Reached skill level 1 in Fire Magic
   242 | D:1      | Reached skill level 1 in Ice Magic
   242 | D:1      | Reached skill level 1 in Air Magic
   242 | D:1      | Reached skill level 1 in Earth Magic
   242 | D:1      | Reached skill level 1 in Poison Magic
   285 | D:1      | XOM: silly message
   381 | D:1      | Reached XP level 3. HP: 29/30 MP: 0/0
   381 | D:1      | Learned a level 1 spell: Apportation
   427 | D:1      | XOM: potion effect (invisibility)
   560 | D:1      | XOM: noise
   650 | D:1      | XOM: cloud trail
   800 | D:1      | XOM: cloud trail
  1123 | D:2      | Noticed Natasha
  1125 | D:2      | XOM: cast spell 'Cause Fear'
  1148 | D:2      | XOM: potion effect (heal wounds)
  1149 | D:2      | Killed Natasha
  1150 | D:2      | Reached skill level 4 in Fighting
  1150 | D:2      | Reached XP level 4. HP: 36/37 MP: 0/0
  1473 | D:2      | Found Viotaoto's Book Shoppe.
  1712 | D:2      | Noticed Natasha
  1718 | D:2      | Killed Natasha
  1719 | D:2      | Reached XP level 5. HP: 42/42 MP: 0/0
  1719 | D:2      | Learned a level 2 spell: Wereblood
  1862 | D:3      | XOM: noise
  1906 | D:3      | a worm changed into a wyvern
  1906 | D:3      | Noticed a wyvern
  1906 | D:3      | XOM: polymorph worm -> wyvern
  1913 | D:3      | Slain by a worm

Illustrated notes

Levels and vault maps discovered:
D:1:      dpeg_arrival_arbitrary_b, layout_basic
D:2:      layout_basic, serial_shops, shop, uniq_natasha
D:3:      minmay_angry_zag, layout_rooms, grunt_temple_overflow_open,
          lightli_sewer_entry_pipes, minmay_misc_feat_ornament

Skill      XL: |  1  2  3  4 |
---------------+-------------+-----
Spellcasting   | 1 2 |  2.3
Conjurations   | 1 2 |  2.3
Hexes          | 1 2 |  2.3
Summonings     | 1 2 |  2.3
Necromancy     | 1 2 |  2.3
Translocations | 1 2 |  2.3
Transmutations | 1 2 |  2.3
Fire Magic     | 1 2 |  2.3
Ice Magic      | 1 2 |  2.3
Air Magic      | 1 2 |  2.3
Earth Magic    | 1 2 |  2.3
Poison Magic   | 1 2 |  2.3
Fighting       | 4 |  4.5
Long Blades    | |  2.6
Armour         | |  1.0
Dodging        | |  2.1

Action                     |  1- 3 |  4- 6 || total
---------------------------+-------+-------++-------
  Melee: Falchion          |    85 |    75 ||   160
         Punch             |       |     2 ||     2
    Use: Scroll            |       |     7 ||     7
 Armour: Leather armour    |    72 |    76 ||   148
  Dodge: Dodged            |    61 |    51 ||   112

Table legend: (Time is in decaauts)
 A = Elapsed time spent in this place.
 B = Non-inter-level travel time spent in this place.
 C = Inter-level travel time spent in this place.
 D = Time resting spent in this place.
 E = Time spent auto-exploring this place.
 F = Levels seen in this place.
 G = Mean time per level.
                   A        B        C        D        E       F      G
               +--------+--------+--------+--------+--------+-----+--------+
         Total |   1920 |   1873 |     47 |     70 |   1433 |   3 |  640.0 |
       Dungeon |   1920 |   1873 |     47 |     70 |   1433 |   3 |  640.0 |
               +--------+--------+--------+--------+--------+-----+--------+

Top non-repeatable levels by time:
     D:2: 968 daAuts
     D:1: 887 daAuts
     D:3: 64 daAuts
